AoeStats
← psonic

Fortress

507853628Analyzed
2v2 RM · 12d ago on Sep 19, 2026· 39m 3s· 4 players
Game mode
Random Map
Map size
Normal (6 player)
Population
200
Speed
Normal
Resources
Standard
Victory
Conquest
Starting age
Dark Age
Ending age
Imperial Age
RankedLock teamsTeams togetherTeam positionsShared explorationLock speedFull tech treeHidden civsTurbo modeCheats
Victory
Defeat
🇩🇪 Persians · Germany
1247
+16
🇩🇪 Mongols · Germany
1238
+17
🇦🇷 Turks · Argentina
1298
-18
🇬🇾 Bohemians · Guyana
1215
-15
psonic
6:12 Feudal Age
6:51 Double-Bit Axe
11:49 Castle Age
9:55 Horse Collar
13:42 Bow Saw
16:08 Gold Mining
17:03 Stone Mining
18:20 Wheelbarrow
19:49 Heavy Plow
20:57 Hand Cart
21:04 Fletching
22:02 Bodkin Arrow
22:37 Padded Archer Armor
22:29 Town Watch
22:29 Loom
23:20 Bloodlines
23:11 Husbandry
23:46 Ballistics
24:29 Leather Archer Armor
28:30 Imperial Age
26:20 Town Patrol
26:54 Thumb Ring
29:14 Bracer
29:40 Conscription
28:41 Elite Mangudai
30:26 Chemistry
29:32 Siege Engineers
30:01 Parthian Tactics
30:54 Hoardings
31:53 Scale Barding Armor
31:59 Forging
31:56 Light Cavalry
32:58 Chain Barding Armor
33:05 Hussar
34:22 Iron Casting
37:05 Blast Furnace
36:41 Capped Ram
37:53 Drill
37:50 Siege Ram
Lsk.
8:03 Feudal Age
11:40 Castle Age
9:55 Double-Bit Axe
10:12 Horse Collar
13:07 Bow Saw
14:13 Husbandry
16:28 Heavy Plow
19:47 Bloodlines
19:47 Loom
20:38 Wheelbarrow
20:47 Forging
23:01 Scale Barding Armor
24:25 Hand Cart
28:58 Imperial Age
27:06 Pikeman
27:46 Squires
28:40 Iron Casting
28:56 Chain Barding Armor
29:02 Scale Mail Armor
28:39 Cavalier
29:10 Halberdier
31:00 Blast Furnace
31:15 Gold Mining
32:50 Scale Mail Armor
33:54 Chain Mail Armor
35:20 Plate Mail Armor
36:20 Plate Barding Armor
38:40 Savar
Twisted Fate
7:13 Feudal Age
11:04 Castle Age
9:27 Double-Bit Axe
9:52 Horse Collar
11:57 Heavy Plow
12:12 Bow Saw
12:36 Heavy Plow
16:14 Fervor
17:01 Wheelbarrow
16:29 Loom
18:50 Hand Cart
20:28 Chemistry
25:09 Town Watch
29:39 Imperial Age
28:53 Guard Tower
29:13 Masonry
29:45 Elite Hussite Wagon
30:47 Conscription
31:34 Keep
31:30 Architecture
30:46 Arrowslits
31:55 Padded Archer Armor
31:35 Houfnice
32:36 Fletching
33:02 Leather Archer Armor
34:43 Ring Archer Armor
34:09 Bodkin Arrow
34:53 Guilds
34:50 Elite Skirmisher
36:36 Bracer
Martin14
7:28 Feudal Age
11:50 Castle Age
11:19 Double-Bit Axe
11:36 Horse Collar
13:58 Bow Saw
24:02 Wheelbarrow
27:08 Imperial Age
25:24 Forging
25:20 Scale Barding Armor
25:13 Loom
27:02 Iron Casting
26:41 Bloodlines
26:31 Husbandry
28:13 Chain Barding Armor
27:17 Heavy Camel Rider
29:39 Blast Furnace
29:00 Conscription
29:50 Town Watch
Connection lost

Rejoining the realm…

Still unreachable

The connection could not be restored.

Session expired

The server has moved on; the page needs a fresh start.